 Dungeon Crawl Stone Soup version 0.21.1-1-g345015f (webtiles) character file.

2009 twistedcrescendo the Tainter (level 9, 0/55 HPs)
             Began as an Octopode Venom Mage on June 14, 2018.
             Was a Believer of Sif Muna.
             Killed from afar by a gargoyle (17 damage)
             ... with a stone arrow
             ... on level 6 of the Dungeon on June 15, 2018.
             The game lasted 01:15:42 (4938 turns).

twistedcrescendo the Tainter (Octopode Venom Mage)  Turns: 4938, Time: 01:15:42

Health: 0/55       AC:  1    Str:  8    XL:     9   Next: 22%
Magic:  5/16       EV: 14    Int: 19    God:    Sif Muna [**....]
Gold:   171        SH:  0    Dex: 13    Spells: 8/18 levels left

rFire    . . .     SeeInvis .   f - +2 dire flail (crush)
rCold    + . .     Gourm    .   (shield currently unavailable)
rNeg     . . .     Faith    .   (helmet restricted)
rPois    .         Spirit   .   m - amulet of regeneration
rElec    .         Reflect  .   h - ring of protection from cold
rCorr    .         Harm     .   q - ring of wizardry
MR       .....                  (no ring)
Stlth    ++++......             (no ring)
HPRegen  0.58/turn              (no ring)
MPRegen  0.15/turn              (no ring)
                                (no ring)
                                (no ring)

@: no status effects
A: almost no armour, stealthy swim, amphibious, 8 rings, constrict 8, camouflage
1, gelatinous body 1
a: Divine Energy, Renounce Religion


You were on level 6 of the Dungeon.
You worshipped Sif Muna.
Sif Muna was pleased with you.
You were not hungry.

You visited 1 branch of the dungeon, and saw 6 of its levels.

You collected 171 gold pieces.

Inventory:

Hand Weapons
 d - a +1 whip
 f - a +2 dire flail of crushing (weapon)
 s - a +0 rapier of venom
 u - a +1 whip of freezing
Missiles
 e - 59 poisoned needles
Jewellery
 h - a ring of protection from cold (left tentacle)
 m - an amulet of regeneration (around mantle)
 q - a ring of wizardry (right tentacle)
Wands
 l - a wand of polymorph (17)
 t - a wand of iceblast (9)
Scrolls
 g - a scroll of remove curse
 k - a scroll of magic mapping
 n - a scroll of teleportation
 p - 5 scrolls of enchant weapon
 v - a scroll of fog {unknown}
Potions
 i - a potion of invisibility
 j - a potion of curing {unknown}
 o - a potion of agility {unknown}
 r - a potion of lignification {unknown}
 w - a potion of brilliance {unknown}
Books
 a - a Young Poisoner's Handbook

   Spells                             Type                      Level
   a - Sting                          Conjuration/Poison           1
   b - Poisonous Vapours              Poison/Air                   2
   c - Mephitic Cloud                 Conjuration/Poison/Air       3
   d - Olgreb's Toxic Radiance        Poison                       4
   e - Venom Bolt                     Conjuration/Poison           5
Comestibles
 b - 16 rations
 c - 14 chunks of flesh


   Skills:
 + Level 2.5 Fighting
 - Level 0.2 Short Blades
 + Level 3.4 Maces & Flails
 - Level 3.5 Dodging
 * Level 4.1 Stealth
 + Level 5.2 Spellcasting
 + Level 1.4 Conjurations
 * Level 5.8 Air Magic
 - Level 8.0 Poison Magic
 + Level 0.1 Evocations


You had 8 spell levels left.
You knew the following spells:

 Your Spells              Type           Power        Failure   Level  Hunger
a - Sting                 Conj/Pois      ###.         1%          1    None
b - Poisonous Vapours     Pois/Air       ####..       1%          2    None
c - Mephitic Cloud        Conj/Pois/Air  ###.....     1%          3    ##.....
d - Olgreb's Toxic Radia  Pois           #####...     1%          4    ####...


Dungeon Overview and Level Annotations

Branches:
Dungeon (6/15)
 Temple: D:4-7

Altars:
Sif Muna

Annotations:
D:4 Jaiteiro's ghost, amateur GrFi


Innate Abilities, Weirdness & Mutations

You cannot wear most types of armour.
You are very stealthy in the water. (Stealth+)
You are amphibious.
You can wear up to eight rings at the same time.
You can use your tentacles to constrict eight enemies at once.
Your skin changes colour to match your surroundings (Stealth+).
Your rubbery body absorbs attacks. (AC +1, EV +1)


Message History

Aim: a gargoyle, wielding a mace (lightly damaged)
The mass of ice explodes!
The iceblast engulfs the gargoyle.
The gargoyle is heavily damaged.
Aiming: Iceblast
Press: ? - help, Shift-Dir - straight line, f/p - gargoyle
Aim: a gargoyle, wielding a mace (heavily damaged)
The mass of ice explodes!
The iceblast engulfs the gargoyle.
The gargoyle is almost destroyed.
You hit the gargoyle but do no damage. Your grab misses the gargoyle.
The gargoyle is almost destroyed.
The gargoyle hits you with a mace!!
You hit the gargoyle but do no damage. You grab the gargoyle.
The gargoyle is almost destroyed.
You constrict the gargoyle, but do no damage.
The gargoyle hits you with a mace!!
* * * LOW HITPOINT WARNING * * *
You release your grip on the gargoyle.
The gargoyle hurls a stone arrow at you.
The stone arrow hits you!
You die...

#.# #..รท...#.# #.#
##.###...# #.# #.# ##.##
#.####.# #.# ####......#
#.# ......##### #.#
#####...... #.#
####.#####. #.##########.
#......###(##..@.9..[....
#.##.#.........#########.
##.##............#
......# #####...##
##.##### ##.## #.....#
#.# #.###.# #)# #.###.#
##'## #.....# ##...##


You could see a gargoyle.

Vanquished Creatures
  Pikel (D:5)
  Eustachio (D:5)
  Edmund (D:5)
  A slave (D:5)
  An ice beast (D:5)
  An orc warrior (D:6)
  A sky beast (D:5)
  3 ogres
  A phantom (D:5)
  A centaur (D:5)
  Blork the orc (D:5)
  2 scorpions (D:4)
  A crimson imp (D:5)
  2 orc wizards (D:6)
  A centaur skeleton (D:5)
  An iguana (D:4)
  2 worker ants (D:4)
  10 gnolls
  13 adders
  A shadow imp (D:5)
  An ooze (D:2)
  An adder zombie (D:5)
  2 adder skeletons
  A worm (D:2)
  A dart slug (D:5)
  3 leopard geckos
  5 orcs
  6 bats
  3 giant cockroaches
  2 goblins (D:2)
  6 hobgoblins
  11 jackals
  3 kobolds
  3 quokkas
  A ball python (D:1)
  10 frilled lizards
  10 rats
115 creatures vanquished.

Notes
Turn   | Place    | Note
-------+----------+-------------------------------------------
     0 | D:1      | twistedcrescendo the Octopode Venom Mage began the quest for the Orb.
     0 | D:1      | Reached XP level 1. HP: 11/11 MP: 3/3
   432 | D:1      | Reached XP level 2. HP: 16/17 MP: 0/5
   503 | D:1      | Reached skill level 4 in Poison Magic
   745 | D:1      | Learned a level 2 spell: Poisonous Vapours
   927 | D:1      | Reached XP level 3. HP: 19/21 MP: 3/6
  1314 | D:2      | Reached XP level 4. HP: 21/27 MP: 2/8
  1465 | D:2      | Reached skill level 5 in Poison Magic
  1621 | D:2      | Reached XP level 5. HP: 31/31 MP: 5/9
  1733 | D:2      | Found a deep blue altar of Sif Muna.
  1812 | D:2      | Became a worshipper of Sif Muna the Loreminder
  2052 | D:2      | Learned a level 3 spell: Mephitic Cloud
  2485 | D:3      | Reached skill level 1 in Air Magic
  2782 | D:4      | Noticed an ogre
  2805 | D:4      | Reached skill level 6 in Poison Magic
  2905 | D:4      | Reached XP level 6. HP: 20/36 MP: 9/11
  3014 | D:4      | Noticed Jaiteiro's ghost (amateur GrFi)
  3185 | D:4      | Reached * piety under Sif Muna
  3185 | D:4      | Reached XP level 7. HP: 41/41 MP: 4/12
  3203 | D:4      | Reached skill level 7 in Poison Magic
  3563 | D:5      | Entered Level 5 of the Dungeon
  3870 | D:5      | Noticed Eustachio
  3885 | D:5      | Killed Eustachio
  3885 | D:5      | Reached skill level 8 in Poison Magic
  3885 | D:5      | Reached XP level 8. HP: 43/47 MP: 7/14
  3951 | D:5      | You fall through a shaft!
  3969 | D:5      | Noticed Blork the orc
  3974 | D:5      | Noticed Edmund
  4036 | D:5      | Killed Edmund
  4041 | D:5      | Reached ** piety under Sif Muna
  4041 | D:5      | Reached skill level 1 in Fighting
  4121 | D:5      | Killed Blork the orc
  4225 | D:5      | Reached skill level 1 in Maces & Flails
  4359 | D:5      | Noticed Pikel
  4375 | D:5      | Killed Pikel
  4375 | D:5      | Reached skill level 5 in Spellcasting
  4375 | D:5      | Reached skill level 5 in Air Magic
  4375 | D:5      | Reached XP level 9. HP: 37/55 MP: 9/16
  4676 | D:5      | Learned a level 4 spell: Olgreb's Toxic Radiance
  4929 | D:6      | Noticed a gargoyle
  4938 | D:6      | Killed from afar by a gargoyle

Skill      XL: |  1  2  3  4  5  6  7  8  9 |
---------------+----------------------------+-----
Poison Magic   | 4 5 6 8 |  8.0
Spellcasting   | 3 4 5 |  5.2
Air Magic      | 1 2 3 5 |  5.8
Stealth        | 3 4 |  4.1
Fighting       | 2 |  2.5
Dodging        | 3 |  3.5
Maces & Flails | 3 |  3.4
Short Blades   | |  0.2
Conjurations   | |  1.4
Evocations     | |  0.1

Action                   |  1- 3 |  4- 6 |  7- 9 || total
-------------------------+-------+-------+-------++-------
Melee: Whip              |    37 |    39 |    19 ||    95
       Unarmed           |     2 |       |       ||     2
       Constrict         |    12 |     8 |     9 ||    29
       Tentacles         |     4 |     1 |     4 ||     9
       Dire flail        |       |       |    37 ||    37
       Rapier            |       |       |     6 ||     6
 Cast: Sting             |    38 |       |     4 ||    42
       Poisonous Vapours |     2 |    59 |    49 ||   110
       Mephitic Cloud    |       |       |     8 ||     8
Evoke: Wand              |       |       |     6 ||     6
  Use: Scroll            |     6 |     3 |     1 ||    10
       Potion            |       |       |     3 ||     3
 Stab: Sleeping          |       |       |     1 ||     1
  Eat: Chunk             |     2 |     8 |     7 ||    17
Armor: Skin              |     6 |     7 |     1 ||    14
Dodge: Dodged            |    46 |    40 |    60 ||   146
